 Dungeon Crawl Stone Soup version 0.30.1-3-gfc49f6343a (webtiles) character file.

Game seed: 3711133971692486418

238 spardeous the Conjurer (level 5, -1/38 HPs)
             Began as a Demigod Conjurer on Aug 4, 2023.
             Slain by an orc
             ... wielding a +0 trident
              (5 damage)
             ... on level 4 of the Dungeon.
             The game lasted 00:03:25 (3563 turns).

spardeous the Conjurer (Demigod Conjurer)           Turns: 3563, Time: 00:03:26

Health: -1/38      AC:  4    Str:  8    XL:     5   Next: 49%
Magic:  8/12       EV: 12    Int: 24    God:
Gold:   172        SH:  0    Dex: 12    Spells: 3/10 levels left

rFire   . . .        e - staff of cold
rCold   + . .        (no shield)
rNeg    . . .        a - +0 robe
rPois   .            o - +0 helmet
rElec   .            (no cloak)
rCorr   .            (no gloves)
SInv    .            n - +0 pair of boots
Will    .....        (no amulet)
Stlth   ++           (no ring)
HPRegen 0.26/turn    (no ring)
MPRegen 0.13/turn

%: no passive effects
@: no status effects
A: high MP 1, forlorn, divine attributes, subdued magic 1
a: no special abilities


You were on level 4 of the Dungeon.
You visited 1 branch of the dungeon, and saw 4 of its levels.

You collected 172 gold pieces.

Inventory:

Hand Weapons
 i - a +2 dagger of venom
Armour
 a - a +0 robe (worn)
 f - a scarf of invisibility
 n - a +0 pair of boots (worn)
 o - a +0 helmet (worn)
Magical Staves
 e - a staff of cold (weapon)
Scrolls
 c - a scroll of noise
 g - 3 scrolls of identify
 h - 2 scrolls of fear
 k - 2 scrolls of teleportation
 m - a scroll of amnesia {unknown}
 p - a scroll of immolation {unknown}
 q - a scroll of enchant weapon {unknown}
 s - a scroll of brand weapon {unknown}
Potions
 b - a potion of magic
 d - 3 potions of brilliance
 j - a potion of cancellation {unknown}
 r - a potion of mutation


   Skills:
 - Level 1.7 Dodging
 - Level 1.7 Stealth
 + Level 3.2 Spellcasting
 + Level 5.7 Conjurations


You had 3 spell levels left.
You knew the following spells:

 Your Spells              Type           Power      Damage    Failure   Level
a - Magic Dart            Conj           96%        1d7       1%          1
b - Searing Ray           Conj           48%        2d6       1%          2
c - Iskenderun's Mystic   Conj/Tloc      13%        2d5       28%         4

Your spell library contained the following spells:

 Spells                   Type           Power      Damage    Failure   Level
 Dazzling Flash           Conj/Hex       26%        N/A       8%          3
 Frozen Ramparts          Ice            8%         1d2       28%         3
 Fulminant Prism          Conj/Hex       6%         3d7       28%         4
 Ice Form                 Ice/Tmut       4%         N/A       67%         4
 Summon Ice Beast         Ice/Summ       4%         N/A       67%         4


Dungeon Overview and Level Annotations

Branches:
Dungeon (4/15)
 Temple: D:4-7

Annotations:
D:1 2 runed translucent doors
D:2 1 runed translucent door, Crazy Yiuf
D:3 3 runed translucent doors, Silwen1911's ghost, amateur DrSu
D:4 Ijyb


Innate Abilities, Weirdness & Mutations

You have an increased reservoir of magic. (+10% MP)
You shall have no god before yourself.
Your divine heritage dramatically boosts your attributes as you level up.
Your spells are a little easier to cast, but a little less powerful.


Message History

The kobold barely misses you.
You take 5 damage, and have 11/38 hp.
The kobold attacks as you move away! The kobold barely misses you.
The black bear bites you but does no damage.
The black bear closely misses you. The black bear completely misses you.
There is a stone staircase leading down here.
Casting: Magic Dart (safe; 1% risk of failure)
Confirm with . or Enter, or press ? or * to list all spells.
Aiming: Searing Ray (safe; 1% risk of failure)
Press: ? - help, Shift-Dir - straight line, f - black bear
Aim: a black bear (85% to hit)
The searing ray hits the black bear!
The black bear is moderately wounded.
The searing ray hits the kobold.
You kill the kobold!
The searing ray misses Ijyb. (Press . to maintain the ray.)
The black bear bites you but does no damage.
The black bear barely misses you. The black bear claws you.
* * * LOW HITPOINT WARNING * * *
The orc hits you from afar with a +0 trident.
* * * LOW HITPOINT WARNING * * *
You take 8 damage, and have 4/38 hp.
MASSIVE DAMAGE!!
You now have 10/12 mp.
The searing ray hits the black bear.
The black bear is heavily wounded.
The searing ray hits Ijyb.
Ijyb is lightly wounded.
The black bear bites you but does no damage.
The black bear claws you but does no damage.
The black bear closely misses you. The orc barely misses you.
You now have 9/12 mp.
The searing ray hits the black bear.
The black bear is severely wounded.
The searing ray hits Ijyb but does no damage.
Ijyb is lightly wounded.
The black bear barely misses you. The black bear misses you.
The black bear claws you.
* * * LOW HITPOINT WARNING * * *
The orc hits you from afar with a +0 trident.
You die...

#.# #.....##########.####.## #.#
#....................... #.#
####†#.##########.####.## #.#
#....................#.# #.#
#.....).#########.#).#.# #.#
#.......# #.#..#.# #.# #.....<.#
#.#.##.# #.#
#......##########.#.##.## #.#
#.......@hg..............
#####.###.....####o##...#########
.............## #.............
.####.######## ######.####### #.#
#.# ... #.. .#.# ##.o #.#.. ##. #
##+


You could see a black bear, Ijyb and an orc.

Vanquished Creatures
  A bullfrog (D:4)
  A scorpion (D:4)
  4 adders
  A worm (D:4)
  4 dart slugs
  9 bats
  3 endoplasms (D:2)
  A giant cockroach (D:1)
  11 goblins
  7 hobgoblins
  7 kobolds
  2 quokkas
  4 ball pythons
  2 frilled lizards
  6 rats
63 creatures vanquished.

Notes
Turn   | Place    | Note
-------+----------+-------------------------------------------
     0 | D:1      | spardeous the Demigod Conjurer began the quest for the Orb.
     0 | D:1      | Reached XP level 1. HP: 14/14 MP: 5/5
   307 | D:1      | Found a large runed translucent door.
   307 | D:1      | Found a large runed translucent door.
   380 | D:1      | Reached skill level 4 in Conjurations
   380 | D:1      | Reached XP level 2. HP: 20/20 MP: 4/7
  1351 | D:2      | Reached XP level 3. HP: 26/26 MP: 3/9
  2060 | D:2      | Found a runed translucent door.
  2061 | D:2      | Noticed Crazy Yiuf
  2324 | D:3      | Noticed Silwen1911's ghost (amateur DrSu)
  2439 | D:3      | Reached XP level 4. HP: 33/33 MP: 7/10
  2442 | D:3      | Learned a level 2 spell: Searing Ray
  2447 | D:3      | Learned a level 4 spell: Iskenderun's Mystic Blast
  2535 | D:3      | Found a runed translucent gate.
  2535 | D:3      | Found a runed translucent gate.
  2557 | D:3      | Found a runed translucent gate.
  3215 | D:4      | Gained mutation: Your spells are a little easier to cast,
                  | but a little less powerful. [potion of mutation]
  3218 | D:4      | Reached skill level 5 in Conjurations
  3218 | D:4      | Reached XP level 5. HP: 35/38 MP: 0/12
  3514 | D:4      | Noticed Ijyb
  3546 | D:4      | Noticed a black bear
  3563 | D:4      | Slain by an orc

Illustrated notes

Levels and vault maps discovered:
D:1:      erik_arrival_cave_to_civilisation [erik_arrival_cave_to_temple],
          layout_rooms, nrook_mini_vaults, item_on_display_a
D:2:      layout_rooms, shapermc_ecumenical_altar_acropolis,
          uniq_crazy_yiuf_cottage, uniq_jessica
D:3:      layout_basic, chequers_temple_overflow_statue_of_worship,
          lemuel_doored_altar, gammafunk_ghost_icy
D:4:      layout_basic, minmay_temple_entry_mist, gammafunk_ghost_grave,
          hangedman_abyss_or_decor_stabs, uniq_ijyb

Skill      XL: |  1  2  3  4 |
---------------+-------------+-----
Spellcasting   | 2 3 |  3.2
Conjurations   | 4 5 |  5.7
Dodging        | |  1.7
Stealth        | |  1.7

Action                     |  1- 3 |  4- 6 || total
---------------------------+-------+-------++-------
  Melee: Staff             |     2 |     8 ||    10
   Cast: Magic Dart        |   107 |    29 ||   136
         Searing Ray       |       |     4 ||     4
    Use: Scroll            |     4 |       ||     4
         Potion            |       |     2 ||     2
 Armour: Robe              |     5 |    13 ||    18
  Dodge: Dodged            |     9 |    43 ||    52
